TOP OF THE 1ST |
Nantucket Orcas batting - Pitching for Nashua Redlegs : RHP Mike Green
|
Pitching: RHP Mike Green
|
|
Batting: RHB Charlie Pérez
|
0-0: Called Strike 0-1: SINGLE (Groundball, 4MD)
|
Batting: RHB Demetrio Inrouville
|
0-0: Ball 1-0: Swinging Strike 1-1: Called Strike 1-2: Grounds into double play, 6-4-3 (Groundball, 6)
|
Batting: SHB Cristián Salazar
|
0-0: Called Strike 0-1: Swinging Strike 0-2: Ground out U3 (Groundball, 3S)
|
Top of the 1st over - 0 runs, 1 hit, 0 errors, 0 left on base; Nantucket 0 - Nashua 0 |
BOTTOM OF THE 1ST |
Nashua Redlegs batting - Pitching for Nantucket Orcas : RHP Terry Leroux
|
Pitching: RHP Terry Leroux
|
|
Batting: LHB Derrek Robinson
|
0-0: Ground out 4-3 (Groundball, 4)
|
Batting: RHB Ánibal Barrios
|
0-0: Ball 1-0: Swinging Strike 1-1: Ball 2-1: Foul Ball, location: 2F 2-2: Strikes out swinging
|
Batting: RHB Joe Noble
|
0-0: Ball 1-0: Called Strike 1-1: Ball 2-1: Ball 3-1: Base on Balls
|
Batting: RHB Katsuhito Ohayashi
|
0-0: Ball 1-0: Ball 2-0: Ground out 1-3 (Groundball, P)
|
Bottom of the 1st over - 0 runs, 0 hits, 0 errors, 1 left on base; Nantucket 0 - Nashua 0 |
TOP OF THE 2ND |
Nantucket Orcas batting - Pitching for Nashua Redlegs : RHP Mike Green
|
Batting: RHB Matt Dundee
|
0-0: Swinging Strike 0-1: Ball 1-1: Ball 2-1: Foul Ball, location: 2F 2-2: Strikes out swinging
|
Batting: RHB Luis Cruz
|
0-0: Called Strike 0-1: Foul Ball, location: 2F 0-2: Ground out 6-3 (Groundball, 6)
|
Batting: RHB Armando Hernández
|
0-0: Ball 1-0: Ground out U3 (Groundball, 3)
|
Top of the 2nd over - 0 runs, 0 hits, 0 errors, 0 left on base; Nantucket 0 - Nashua 0 |
BOTTOM OF THE 2ND |
Nashua Redlegs batting - Pitching for Nantucket Orcas : RHP Terry Leroux
|
Batting: LHB Alonso Carbajal
|
0-0: Called Strike 0-1: Foul Ball, location: 2F 0-2: Ground out 4-3 (Groundball, 4)
|
Batting: LHB Robby Lawson
|
0-0: Ball 1-0: Foul Ball, location: 2F 1-1: Ball 2-1: Ground out 1-3 (Groundball, 13S)
|
Batting: LHB Peter Rodgers
|
0-0: Called Strike 0-1: Ball 1-1: Foul Ball, location: 2F 1-2: Ball 2-2: Foul Ball, location: 2F 2-2: Ball 3-2: SINGLE (Line Drive, 78S)
|
Batting: RHB Carlos Villagrama
|
0-0: Called Strike 0-1: Ball 1-1: Ball 2-1: SINGLE (Line Drive, 7S) Peter Rodgers to second
|
Batting: RHB Ben Byrd
|
0-0: Foul Ball, location: 2F 0-1: Fly out, F8 (Flyball, 8RM)
|
Bottom of the 2nd over - 0 runs, 2 hits, 0 errors, 2 left on base; Nantucket 0 - Nashua 0 |
TOP OF THE 3RD |
Nantucket Orcas batting - Pitching for Nashua Redlegs : RHP Mike Green
|
Batting: RHB Curt O'Brian
|
0-0: Ball 1-0: Called Strike 1-1: Ball 2-1: SINGLE (Line Drive, 78S)
|
Batting: RHB Norberto Navarro
|
0-0: Foul Ball, location: 2F 0-1: Ball 1-1: Fly out, F6 (Line Drive, 6)
|
Batting: RHB Juan Gómez
|
0-0: Ball Curt O'Brian is caught stealing 2nd base 1-0: Called Strike 1-1: Ground out 4-3 (Groundball, 4)
|
Top of the 3rd over - 0 runs, 1 hit, 0 errors, 0 left on base; Nantucket 0 - Nashua 0 |
BOTTOM OF THE 3RD |
Nashua Redlegs batting - Pitching for Nantucket Orcas : RHP Terry Leroux
|
Batting: LHB Derrek Robinson
|
0-0: Ball 1-0: Swinging Strike 1-1: Called Strike 1-2: Ball 2-2: Strikes out swinging
|
Batting: RHB Ánibal Barrios
|
0-0: Called Strike 0-1: Ball 1-1: Foul Ball, location: 2F 1-2: Strikes out swinging
|
Batting: RHB Joe Noble
|
0-0: Ball 1-0: Called Strike 1-1: Ball 2-1: Reached on error, E3 (Groundball, 34S)
|
Batting: RHB Katsuhito Ohayashi
|
0-0: Ball 1-0: Swinging Strike 1-1: Swinging Strike 1-2: Foul Ball, location: 2F 1-2: Foul Ball, location: 2F 1-2: SINGLE (Groundball, 6MD) Joe Noble to second
|
Batting: LHB Alonso Carbajal
|
0-0: Foul Ball, location: 2F 0-1: Swinging Strike 0-2: SINGLE (Line Drive, 7LM) Joe Noble to third Katsuhito Ohayashi to second Runner from 3rd tries for Home, SAFE, no throw
|
Batting: LHB Robby Lawson
|
0-0: Foul Ball, location: 2F 0-1: Foul Ball, location: 2F 0-2: Ball 1-2: Foul Ball, location: 2F 1-2: Ball 2-2: SINGLE (Groundball, 56D) Katsuhito Ohayashi to third Alonso Carbajal to second Runner from 3rd tries for Home, SAFE, no throw
|
Batting: LHB Peter Rodgers
|
0-0: Ball 1-0: Called Strike 1-1: 3-RUN HOME RUN (Flyball, 7LD), Distance : 330 ft
|
Batting: RHB Carlos Villagrama
|
0-0: Ball 1-0: Called Strike 1-1: Fly out, F7 (Flyball, 7S)
|
Bottom of the 3rd over - 5 runs, 4 hits, 1 error, 0 left on base; Nantucket 0 - Nashua 5 |
TOP OF THE 4TH |
Nantucket Orcas batting - Pitching for Nashua Redlegs : RHP Mike Green
|
Batting: RHB Charlie Pérez
|
0-0: Ground out 3-1 (Groundball, 34S)
|
Batting: RHB Demetrio Inrouville
|
0-0: Ball 1-0: Swinging Strike 1-1: Fly out, F7 (Flyball, 7S)
|
Batting: SHB Cristián Salazar
|
0-0: DOUBLE (Line Drive, 9LM)
|
Batting: RHB Matt Dundee
|
0-0: Called Strike 0-1: Ball 1-1: SINGLE (Groundball, 56D) Cristián Salazar to third Runner from 3rd tries for Home, SAFE, no throw
|
Batting: RHB Luis Cruz
|
0-0: Ball Matt Dundee is caught stealing 2nd base
|
Top of the 4th over - 1 run, 2 hits, 0 errors, 0 left on base; Nantucket 1 - Nashua 5 |
BOTTOM OF THE 4TH |
Nashua Redlegs batting - Pitching for Nantucket Orcas : RHP Terry Leroux
|
Batting: RHB Ben Byrd
|
0-0: Ground out 5-3 (Groundball, 5S)
|
Batting: LHB Derrek Robinson
|
0-0: Foul Ball, location: 2F 0-1: Called Strike 0-2: Ground out 1-3 (Groundball, 13S)
|
Batting: RHB Ánibal Barrios
|
0-0: Ball 1-0: Ball 2-0: Fly out, F8 (Flyball, 8LS)
|
Bottom of the 4th over - 0 runs, 0 hits, 0 errors, 0 left on base; Nantucket 1 - Nashua 5 |
TOP OF THE 5TH |
Nantucket Orcas batting - Pitching for Nashua Redlegs : RHP Mike Green
|
Batting: RHB Luis Cruz
|
0-0: Called Strike 0-1: Foul Ball, location: 2F 0-2: Strikes out swinging
|
Batting: RHB Armando Hernández
|
0-0: Foul Ball, location: 2F 0-1: Foul Ball, location: 2F 0-2: Ball 1-2: DOUBLE (Groundball, 5L)
|
Batting: RHB Curt O'Brian
|
0-0: Ball 1-0: Called Strike 1-1: Ball 2-1: Called Strike 2-2: Fly out, F8 (Flyball, 8RS)
|
Batting: RHB Norberto Navarro
|
0-0: Called Strike 0-1: Ball 1-1: Foul Ball, location: 2F 1-2: Ball 2-2: Ball 3-2: Base on Balls
|
Batting: RHB Juan Gómez
|
0-0: Called Strike 0-1: SINGLE (Line Drive, 56S) Armando Hernández to third Norberto Navarro to second Runner from 3rd tries for Home, SAFE, no throw
|
Batting: RHB Charlie Pérez
|
0-0: Called Strike 0-1: Ball 1-1: Fly out, F8 (Line Drive, 8RS)
|
Top of the 5th over - 1 run, 2 hits, 0 errors, 2 left on base; Nantucket 2 - Nashua 5 |
BOTTOM OF THE 5TH |
Nashua Redlegs batting - Pitching for Nantucket Orcas : RHP Terry Leroux
|
Batting: RHB Joe Noble
|
0-0: SINGLE (Groundball, 6S) (infield hit)
|
Batting: RHB Katsuhito Ohayashi
|
0-0: Ball 1-0: Ball 2-0: Foul Ball, location: 2F 2-1: Swinging Strike 2-2: Strikes out swinging
|
Batting: LHB Alonso Carbajal
|
0-0: Called Strike 0-1: Called Strike 0-2: Strikes out swinging
|
Batting: LHB Robby Lawson
|
0-0: Ball 1-0: Ball 2-0: Fly out, F7 (Flyball, 78M)
|
Bottom of the 5th over - 0 runs, 1 hit, 0 errors, 1 left on base; Nantucket 2 - Nashua 5 |
TOP OF THE 6TH |
Nantucket Orcas batting - Pitching for Nashua Redlegs : RHP Mike Green
|
Batting: RHB Demetrio Inrouville
|
0-0: Ball 1-0: Fly out, F6 (Line Drive, 6)
|
Batting: SHB Cristián Salazar
|
0-0: Ball 1-0: Foul Ball, location: 2F 1-1: Swinging Strike 1-2: Ball 2-2: SINGLE (Line Drive, 89M)
|
Batting: RHB Matt Dundee
|
0-0: Ball Cristián Salazar steals 2nd base 1-0: Foul Ball, location: 2F 1-1: Ball 2-1: DOUBLE (Line Drive, 78M) Cristián Salazar scores
|
Batting: RHB Luis Cruz
|
0-0: Foul Ball, location: 2F 0-1: Fly out, F8 (Flyball, 8RS)
|
Batting: RHB Armando Hernández
|
0-0: Swinging Strike 0-1: Foul Ball, location: 2F 0-2: Foul Ball, location: 2F 0-2: Ball 1-2: Ball 2-2: SINGLE (Groundball, 56D) Matt Dundee to third Runner from 3rd tries for Home, SAFE, no throw
|
Batting: RHB Curt O'Brian
|
0-0: Foul Ball, location: 2F 0-1: Ball 1-1: Fielders Choice at 2nd, 6-4 (Groundball, 6)
|
Top of the 6th over - 2 runs, 3 hits, 0 errors, 1 left on base; Nantucket 4 - Nashua 5 |
BOTTOM OF THE 6TH |
Nashua Redlegs batting - Pitching for Nantucket Orcas : RHP Terry Leroux
|
Batting: LHB Peter Rodgers
|
0-0: Swinging Strike 0-1: Foul Ball, location: 2F 0-2: Strikes out looking
|
Batting: RHB Carlos Villagrama
|
0-0: Ball 1-0: Foul Ball, location: 2F 1-1: Ball 2-1: Ball 3-1: Foul Ball, location: 2F 3-2: DOUBLE (Groundball, 5L)
|
Batting: RHB Ben Byrd
|
0-0: Foul Ball, location: 2F 0-1: Foul Ball, location: 2F 0-2: Foul Ball, location: 2F 0-2: Ball 1-2: Ball 2-2: Foul Ball, location: 2F 2-2: Foul Ball, location: 2F 2-2: Strikes out swinging
|
Batting: LHB Derrek Robinson
|
0-0: Called Strike 0-1: Foul Ball, location: 2F 0-2: Ball 1-2: Ball 2-2: Strikes out looking
|
Bottom of the 6th over - 0 runs, 1 hit, 0 errors, 1 left on base; Nantucket 4 - Nashua 5 |
TOP OF THE 7TH |
Nantucket Orcas batting - Pitching for Nashua Redlegs : RHP Mike Green
|
Now at C: Juan Branch
|
|
Batting: RHB Norberto Navarro
|
0-0: Hit by Pitch
|
Batting: RHB Juan Gómez
|
0-0: SINGLE (Groundball, 56D) Norberto Navarro to second
|
Pitching: RHP Thomas Fournier
|
|
Batting: RHB Charlie Pérez
|
0-0: Called Strike 0-1: Ball 1-1: Sac Bunt - play at first, batter OUT! 2-4 Norberto Navarro to third Juan Gómez to second
|
Pinch Hitting: LHB Steve Blankenship
|
0-0: Ball 1-0: Fly out, F7 (Flyball, 78M) Runner from 3rd tags up, SCORES, throw made
|
Pinch Hitting: LHB Otis Campbell
|
0-0: Ground out 5-3 (Groundball, 5)
|
Top of the 7th over - 1 run, 1 hit, 0 errors, 1 left on base; Nantucket 5 - Nashua 5 |
BOTTOM OF THE 7TH |
Nashua Redlegs batting - Pitching for Nantucket Orcas : RHP Terry Leroux
|
Pitching: RHP Jason Willis
|
|
Now at 3B: Hunter Hudson
|
|
Now at SS: Ricardo Ontiveros
|
|
Pinch Hitting: RHB Bob Fitzgerald
|
0-0: Ball 1-0: Called Strike 1-1: SINGLE (Groundball, 56D)
|
Batting: RHB Joe Noble
|
0-0: Called Strike 0-1: Called Strike 0-2: Fielders Choice at 2nd, 6-4 (Groundball, 56)
|
Batting: RHB Katsuhito Ohayashi
|
0-0: Fly out, F6 (Line Drive, 6)
|
Batting: LHB Alonso Carbajal
|
0-0: Ball 1-0: Called Strike 1-1: Ball 2-1: Ball 3-1: Base on Balls Joe Noble to second
|
Batting: LHB Robby Lawson
|
0-0: Ball 1-0: Swinging Strike 1-1: Foul Ball, location: 2F 1-2: Fly out, F7 (Flyball, 7S)
|
Bottom of the 7th over - 0 runs, 1 hit, 0 errors, 2 left on base; Nantucket 5 - Nashua 5 |
TOP OF THE 8TH |
Nantucket Orcas batting - Pitching for Nashua Redlegs : RHP Thomas Fournier
|
Now at SS: Spencer Pritchett
|
|
Batting: RHB Matt Dundee
|
0-0: Ball 1-0: Foul Ball, location: 2F 1-1: Swinging Strike 1-2: Foul Ball, location: 2F 1-2: Strikes out looking
|
Pinch Hitting: RHB Arturo Sousa
|
0-0: Ball 1-0: Swinging Strike 1-1: Fly out, F4 (Line Drive, 4M)
|
Batting: RHB Armando Hernández
|
0-0: Ball 1-0: Swinging Strike 1-1: SINGLE (Line Drive, 6MD)
|
Batting: RHB Curt O'Brian
|
0-0: Called Strike 0-1: Ball 1-1: Foul Ball, location: 2F 1-2: Ball 2-2: Ball 3-2: Base on Balls Armando Hernández to second
|
Batting: RHB Norberto Navarro
|
0-0: Ball 1-0: SINGLE (Line Drive, 8LS) Armando Hernández to third Curt O'Brian to second Runner from 3rd tries for Home, SAFE, throw made home
|
Batting: RHB Juan Gómez
|
0-0: Ball 1-0: Foul Ball, location: 2F 1-1: Foul Ball, location: 2F 1-2: Foul Ball, location: 2F 1-2: Foul Ball, location: 2F 1-2: SINGLE (Groundball, 4MD) Curt O'Brian to third Norberto Navarro to second Runner from 3rd tries for Home, SAFE, throw made home
|
Pitching: RHP Alonso Rivera
|
|
Batting: RHB Charlie Pérez
|
0-0: Foul Ball, location: 2F 0-1: Ball 1-1: Ball 2-1: Foul Ball, location: 2F 2-2: Foul Ball, location: 2F 2-2: Ball 3-2: Strikes out swinging
|
Top of the 8th over - 2 runs, 3 hits, 0 errors, 2 left on base; Nantucket 7 - Nashua 5 |
BOTTOM OF THE 8TH |
Nashua Redlegs batting - Pitching for Nantucket Orcas : RHP Jason Willis
|
Now in CF: Arturo Sousa
|
|
Batting: LHB Peter Rodgers
|
0-0: Ball 1-0: Called Strike 1-1: Foul Ball, location: 2F 1-2: Strikes out swinging
|
Batting: LHB Juan Branch
|
0-0: Called Strike 0-1: Ball 1-1: Swinging Strike 1-2: Ball 2-2: Strikes out swinging
|
Batting: RHB Ben Byrd
|
0-0: Called Strike 0-1: Ground out 6-3 (Groundball, 56D)
|
Bottom of the 8th over - 0 runs, 0 hits, 0 errors, 0 left on base; Nantucket 7 - Nashua 5 |
TOP OF THE 9TH |
Nantucket Orcas batting - Pitching for Nashua Redlegs : RHP Alonso Rivera
|
Batting: RHB Ricardo Ontiveros
|
0-0: Foul Ball, location: 2F 0-1: Ball 1-1: Swinging Strike 1-2: Strikes out swinging
|
Batting: RHB Hunter Hudson
|
0-0: Ground out 1-3 (Groundball, 13S)
|
Batting: RHB Matt Dundee
|
0-0: SINGLE (Groundball, 4MD)
|
Batting: RHB Arturo Sousa
|
0-0: Ball 1-0: Foul Ball, location: 2F 1-1: Foul Ball, location: 2F 1-2: Ground out U3 (Groundball, 3)
|
Top of the 9th over - 0 runs, 1 hit, 0 errors, 1 left on base; Nantucket 7 - Nashua 5 |
BOTTOM OF THE 9TH |
Nashua Redlegs batting - Pitching for Nantucket Orcas : RHP Jason Willis
|
Batting: LHB Derrek Robinson
|
0-0: Ball 1-0: Called Strike 1-1: Foul Ball, location: 2F 1-2: Ball 2-2: Ground out 1-3 (Groundball, P)
|
Batting: RHB Spencer Pritchett
|
0-0: Called Strike 0-1: Ball 1-1: Ball 2-1: Ball 3-1: Foul Ball, location: 2F 3-2: SINGLE (Line Drive, 89M)
|
Batting: RHB Joe Noble
|
0-0: Ball 1-0: Fielders Choice at 2nd, 1-4 (Groundball, 15)
|
Batting: RHB Katsuhito Ohayashi
|
0-0: Ball 1-0: Fielders Choice at 2nd, 5-4 (Groundball, 56)
|
Bottom of the 9th over - 0 runs, 1 hit, 0 errors, 1 left on base; Nantucket 7 - Nashua 5 |
|